 Dungeon Crawl Stone Soup version 0.22-a0-44-geb883ae (webtiles) character file.

10583 KristoblXynda the Carver (level 11, -4/79 HPs)
             Began as a White Draconian Gladiator on Jan 6, 2018.
             Was a Follower of Nemelex Xobeh.
             Slain by an orc warrior
             ... wielding a +0 war axe
              (12 damage)
             ... in a bailey.
             The game lasted 00:33:56 (12115 turns).

KristoblXynda the Carver (DrGl)                    Turns: 12115, Time: 00:33:56

Health: -4/79      AC:  9    Str: 22    XL:     11   Next: 38%
Magic:  16/16      EV: 15    Int: 12    God:    Nemelex Xobeh [*.....]
Gold:   550        SH:  0    Dex: 12    Spells: 7/10 levels left

rFire    + . .     SeeInvis .   a - +0 long sword
rCold    + . .     Gourm    .   (no shield)
rNeg     . . .     Faith    .   (armour unavailable)
rPois    .         Spirit   .   I - +0 hat {MR+}
rElec    .         Reflect  .   m - +0 cloak
rCorr    .         Harm     .   s - +0 pair of gloves
MR       +....                  (no boots)
Stlth    +++.......             D - amulet of magic regeneration
HPRegen  0.23/turn              G - ring of protection from fire
MPRegen  0.40/turn              v - +2 ring of slaying

@: mighty
A: breathe frost, unfitting armour, cold resistance 1, cold-blooded, AC +7
a: Breathe Frost, Renounce Religion


You were in a bailey.
You worshipped Nemelex Xobeh.
Nemelex Xobeh was aware of your devotion.
You were not hungry.

You visited 2 branches of the dungeon, and saw 11 of its levels.
You also visited: Bailey.

You collected 550 gold pieces.

Inventory:

Hand Weapons
 a - a +0 long sword (weapon)
 i - a +0 blowgun
Missiles
 c - 3 throwing nets (quivered)
 n - 51 poisoned needles
Armour
 m - a +0 cloak (worn)
 s - a +0 pair of gloves (worn)
 I - a +0 hat of magic resistance (worn)
Jewellery
 v - a +2 ring of slaying (right hand)
 D - an amulet of magic regeneration (around neck)
 G - a ring of protection from fire (left hand)
 H - a +2 ring of dexterity
Wands
 u - a wand of flame (25)
 y - a wand of scattershot (1)
Scrolls
 f - 2 scrolls of enchant weapon {unknown}
 h - 3 scrolls of immolation
 j - 2 scrolls of remove curse
 k - a scroll of enchant armour {unknown}
 l - a scroll of amnesia {unknown}
 r - a scroll of fog {unknown}
 w - a scroll of magic mapping
 A - 2 scrolls of identify
 F - a scroll of teleportation
Potions
 e - 5 potions of flight
 p - 2 potions of magic
 x - a potion of cancellation
 C - 2 potions of lignification
Books
 q - a book of Misfortune

   Spells                             Type                      Level
   a - Confusing Touch                Hexes                        1
   b - Confuse                        Hexes                        3
   c - Gell's Gravitas                Translocation                3
   d - Petrify                        Transmutation/Earth          4
   e - Metabolic Englaciation         Hexes/Ice                    5
   f - Yara's Violent Unravelling     Hexes/Transmutation          5
 t - a book of Cantrips

   Spells                             Type                      Level
   a - Confusing Touch                Hexes                        1
   b - Animate Skeleton               Necromancy                   1
   c - Summon Small Mammal            Summoning                    1
   d - Apportation                    Translocation                1
Miscellaneous
 B - an ornate deck of destruction {drawn: 6}
Comestibles
 d - 7 rations


   Skills:
 - Level 2.1 Fighting
 + Level 9.8 Long Blades
 - Level 5.1 Throwing
 - Level 7.0 Dodging
 + Level 7.4 Stealth
 + Level 7.8 Invocations
 + Level 7.4 Evocations


You had 7 spell levels left.
You knew the following spells:

 Your Spells              Type           Power        Failure   Level  Hunger
a - Confuse               Hex            #.......     69%         3    ####...


Dungeon Overview and Level Annotations

Branches:
Dungeon (10/15)            Temple (1/1) D:6
   Lair: D:8-11         Orc: D:9-12

Altars:
Ashenzari
Cheibriados
Dithmenos
Elyvilon
Fedhas
Gozag
Hepliaklqana
Kikubaaqudgha
Makhleb
Nemelex Xobeh
Okawaru
Qazlal
Ru
Sif Muna
Trog
Uskayaw
Vehumet
Wu Jian
Xom
Yredelemnul
Zin
The Shining One

Shops:
D:4 (   D:5 %   D:9 :[


Innate Abilities, Weirdness & Mutations

You can breathe waves of freezing cold.
You can buffet flying creatures when you breathe cold.
Your icy white scales are hard. (AC +7)
You cannot fit into any form of body armour.
Your flesh is cold resistant. (rC+)
You are cold-blooded and may be slowed by cold attacks.


Message History

You barely miss the orc warrior. You tail-slap the orc warrior.
The orc warrior is lightly wounded.
You have got your breath back.
You barely miss the orc warrior.
The orc warrior is lightly wounded.
The orc warrior hits you with a war axe!
* * * LOW HITPOINT WARNING * * *
The goblin barely misses you. The orc barely misses you.
The orc warrior hits you with a war axe!
* * * LOW HITPOINT WARNING * * *
The orc closely misses you.
Things that are here:
a hand axe; a leather armour You slash the orc!
You kill the orc!
The goblin hits you but does no damage. The orc hits you but does no damage.
The orc warrior hits you with a war axe!
You die...
Your body disappears without a glow.

#...........#
###≈≈≈≈..)≈≈≈≈##
≈≈≈≈≈≈≈...≈≈≈≈≈≈≈
≈≈≈≈≈≈≈.).≈≈≈≈≈≈≈
≈≈≈≈≈≈≈...≈≈≈≈≈≈≈
≈≈≈≈≈≈≈...≈≈≈≈≈≈≈
≈≈≈≈.........≈≈≈≈
#####...o...####
#..@o...#
#..)g...#
#...∩...#
#.......#
###.).### #.∩.#
#####


You could see an orc warrior, an orc and a goblin.

Vanquished Creatures
  2 two-headed ogres (D:8)
  An unseen horror (D:7)
  Pikel (D:8)
  2 orc knights (Bailey)
  A cyclops (D:8)
  The ghost of Paulus the Fighter, a novice MiMo of Makhleb (D:5)
  Joseph (D:9)
  The ghost of Lanoc the Magician, a novice GnAE of Vehumet (D:4)
  2 kobold demonologists (Bailey)
  2 hippogriffs
  The ghost of Lanoc the Slasher, an amateur GnCK of Xom (D:3)
  A wraith (D:9)
  A hungry ghost (D:7)
  2 water moccasins
  A black bear (D:9)
  An ice beast (D:9)
  A sky beast (D:9)
  4 orc warriors
  5 ogres
  A necrophage (D:8)
  2 centaurs
  12 bullfrogs
  A gnoll sergeant (D:8)
  A scorpion (D:4)
  8 killer bees (D:7)
  A howler monkey (D:5)
  3 wights (D:8)
  An electric eel (Bailey)
  4 crimson imps
  A quasit (D:7)
  5 hounds
  A jelly (D:9)
  A centaur skeleton (D:6)
  A gnoll shaman (D:8)
  Crazy Yiuf (D:2)
  An iguana (D:4)
  3 orc wizards
  5 worker ants
  2 killer bee zombies
  A hound zombie (D:6)
  15 gnolls
  9 adders
  An ooze (D:1)
  An adder skeleton (D:4)
  4 worms
  2 dart slugs
  4 leopard geckos
  13 orcs
  3 giant cockroaches
  13 goblins
  8 hobgoblins
  3 quokkas
  6 bats
  7 frilled lizards
  12 kobolds
  A quokka zombie (D:5)
  3 rats (D:1)
192 creatures vanquished.

Vanquished Creatures (collateral kills)
  Gastronok (D:9)
  A guardian serpent (D:9)
  2 gnolls (Bailey)
  4 hobgoblins (Bailey)
8 creatures vanquished.

Vanquished Creatures (others)
  3 slaves (D:8)
  A centaur (D:8)
  A hound (D:8)
  A worker ant (D:8)
  3 gnolls (D:8)
  3 jackals (D:8)
12 creatures vanquished.

Grand Total: 212 creatures vanquished

Notes
Turn   | Place    | Note
-------+----------+-------------------------------------------
     0 | D:1      | KristoblXynda the Draconian Gladiator began the quest for the Orb.
     0 | D:1      | Reached XP level 1. HP: 17/17 MP: 1/1
   112 | D:1      | Reached XP level 2. HP: 18/24 MP: 2/2
   628 | D:2      | Reached XP level 3. HP: 19/29 MP: 3/3
  1010 | D:2      | Found a stormy altar of Qazlal.
  1010 | D:2      | Noticed an earth elemental
  1012 | D:2      | Noticed a fire elemental
  1013 | D:2      | Noticed an air elemental
  1013 | D:2      | Noticed a water elemental
  1192 | D:2      | Found a runed door.
  1197 | D:2      | Noticed Crazy Yiuf
  1202 | D:2      | Killed Crazy Yiuf
  1202 | D:2      | Reached XP level 4. HP: 36/36 MP: 4/4
  1260 | D:3      | Noticed Lanoc's ghost (amateur GnCK)
  1437 | D:3      | Reached skill level 4 in Long Blades
  1449 | D:3      | Killed Lanoc's ghost
  1449 | D:3      | Reached XP level 5. HP: 18/41 MP: 5/5
  1747 | D:3      | Reached XP level 6. HP: 11/48 MP: 6/6
  2189 | D:4      | Noticed Lanoc's ghost (novice GnAE)
  2212 | D:4      | Killed Lanoc's ghost
  2212 | D:4      | Reached skill level 5 in Long Blades
  2212 | D:4      | Your scales start taking on an icy white colour.
  2212 | D:4      | Reached XP level 7. HP: 35/55 MP: 7/7
  2212 | D:4      | Gained mutation: Your flesh is cold resistant. (rC+) [White Draconian growth]
  2325 | D:4      | Found Bomeg's Weapon Shop.
  2518 | D:4      | You fall through a shaft!
  2518 | D:5      | Entered Level 5 of the Dungeon
  2542 | D:5      | Found Kecsito's Food Emporium.
  2544 | D:5      | Noticed Paulus's ghost (novice MiMo)
  2574 | D:5      | Reached skill level 5 in Dodging
  2595 | D:5      | Found a hazy altar of Hepliaklqana.
  2846 | D:4      | Found a sacrificial altar of Ru.
  3518 | D:6      | Reached skill level 5 in Throwing
  3521 | D:6      | Reached skill level 6 in Long Blades
  3526 | D:6      | Reached XP level 8. HP: 41/61 MP: 8/8
  3963 | D:6      | Reached skill level 1 in Stealth
  3963 | D:6      | Reached skill level 1 in Evocations
  4215 | D:6      | Found a staircase to the Ecumenical Temple.
  4278 | Temple   | Entered the Ecumenical Temple
  4401 | Temple   | Became a worshipper of Nemelex Xobeh the Trickster
  4886 | D:7      | Reached skill level 1 in Invocations
  4996 | D:7      | Received a gift from Nemelex Xobeh
  5015 | D:7      | Found a shattered altar of Ashenzari.
  5117 | D:7      | HP: 1/61 [something (4)]
  5118 | D:7      | Killed an unseen horror
  5118 | D:7      | Reached skill level 7 in Long Blades
  5118 | D:7      | Reached XP level 9. HP: 1/67 MP: 11/11
  6382 | D:7      | Received a gift from Nemelex Xobeh
  6962 | D:7      | Learned a level 3 spell: Confuse
  7016 | D:7      | Found a sacrificial altar of Ru.
  7017 | D:7      | Found a shadowy altar of Dithmenos.
  7143 | D:8      | Noticed Pikel
  7160 | D:8      | Killed Pikel
  7160 | D:8      | Reached skill level 8 in Long Blades
  7193 | D:8      | HP: 1/67 [gnoll/enchanted flail (5)]
  7196 | D:8      | Reached XP level 10. HP: 2/73 MP: 13/13
  7230 | D:8      | Reached skill level 5 in Stealth
  7457 | D:8      | Noticed a two-headed ogre
  7548 | D:8      | Reached skill level 5 in Evocations
  7589 | D:8      | Noticed a two-headed ogre
  7609 | D:8      | Killed a two-headed ogre
  7609 | D:8      | Reached skill level 5 in Invocations
  7626 | D:8      | Killed a two-headed ogre
  7873 | D:8      | Found a sacrificial altar of Ru.
  7993 | D:8      | Noticed a cyclops
  8056 | D:8      | Killed a cyclops
  8153 | D:8      | Reached * piety under Nemelex Xobeh
  8441 | D:9      | Noticed a guardian serpent
  8449 | D:9      | Killed a guardian serpent
  8798 | D:9      | Found Fyitam's Armour Shoppe.
  8807 | D:9      | Reached skill level 9 in Long Blades
  9436 | D:9      | Noticed Gastronok
  9445 | D:9      | Killed Gastronok
  9741 | D:9      | Reached XP level 11. HP: 67/79 MP: 16/16
 10206 | D:9      | Found a snail-covered altar of Cheibriados.
 10305 | D:9      | Noticed Joseph
 10322 | D:9      | Killed Joseph
 10336 | D:9      | Found Weis's Book Boutique.
 10513 | D:5      | Found an ancient bone altar of Kikubaaqudgha.
 10922 | D:5      | Killed Paulus's ghost
 11486 | D:10     | Entered Level 10 of the Dungeon
 11509 | D:10     | Found a flagged portal.
 11528 | Bailey   | Entered a bailey
 11571 | Bailey   | HP: 3/79 [hobgoblin/hand axe (8)]
 11762 | Bailey   | Noticed an orc knight
 11774 | Bailey   | Killed an orc knight
 12055 | Bailey   | Found an iron altar of Okawaru.
 12056 | Bailey   | Noticed an orc knight
 12077 | Bailey   | Noticed a sixfirhy
 12077 | Bailey   | Killed an orc knight
 12115 | Bailey   | Slain by an orc warrior

Vault maps used:
D:1:      evilmike_arrival_hilbert_curve, hangedman_decor_clover_reticule
D:2:      nicolae_qazlal_style_of_elements, uniq_crazy_yiuf_cottage
D:4:      first_ration, serial_shops, nicolae_shop_waterfront,
          nicolae_ru_path_of_blood
D:5:      nicolae_overflow_hidden_temple, lemuel_doored_altar, serial_shops,
          nicolae_shop_stone
D:6:      minmay_temple_entry_nine_rooms
D:7:      old_standard_altar, minitemple, grunt_ogre_cave,
          wad_floor_pattern_untrapped, lemuel_flamethrower_1
D:8:      basic_altar, uniq_pikel
D:9:      cheibrodos_worm_habitat, serial_shops, kennysheep_mini_moat,
          nicolae_shop_crystal, nrook_guardian_serpent_double, uniq_gastronok,
          uniq_joseph
D:10:     hangedman_cross_stitches, dpeg_oklobed_lair, enter_bailey_3,
          uniq_erica
Temple:   regret_index_temple_waves
Bailey:   bailey_axe_of_yendor_kennysheep, bailey

Skill      XL: |  1  2  3  4  5  6  7  8  9 10 11 |
---------------+----------------------------------+-----
Throwing       | 2 3 4 5 |  5.1
Dodging        | 3 4 5 6 7 |  7.0
Long Blades    | 4 5 6 7 8 9 |  9.8
Stealth        | 3 4 6 7 |  7.4
Evocations     | 3 4 6 7 |  7.4
Invocations    | 2 4 6 7 |  7.8
Fighting       | |  2.1

Action                   |  1- 3 |  4- 6 |  7- 9 | 10-12 || total
-------------------------+-------+-------+-------+-------++-------
Melee: Long sword        |    70 |    70 |   254 |   254 ||   648
       Tailslap          |    17 |     7 |    43 |    44 ||   111
 Fire: Blowgun           |       |       |    14 |     6 ||    20
Throw: Throwing net      |     2 |       |       |     1 ||     3
 Abil: Breathe Frost     |       |       |    19 |    13 ||    32
Evoke: Wand              |       |     3 |     7 |    24 ||    34
       Deck              |       |       |     2 |     8 ||    10
  Use: Scroll            |       |     5 |     8 |     4 ||    17
       Potion            |       |       |     7 |     2 ||     9
 Stab: Sleeping          |     1 |     1 |     4 |     6 ||    12
       Held in net/web   |     1 |       |       |       ||     1
       Distracted        |       |       |       |     3 ||     3
       Petrified         |       |       |       |     1 ||     1
  Eat: Ration            |     1 |       |     4 |     5 ||    10
       Chunk             |       |       |    10 |     4 ||    14
Armor: Skin              |    25 |    15 |    93 |    59 ||   192
Dodge: Dodged            |    59 |    50 |   218 |   175 ||   502
       Rpst.: Long sword |    24 |    12 |    54 |    48 ||   138

Table legend:
 A = Spawn XP
 B = Non-spawn XP
 C = Spawn XP percentage of total XP
 D = Spawn monster count
 E = Non-spawn monster count
 F = Spawn count percentage of total count
 G = Total turns spent on level
                    A         B        C        D         E        F      G
               +---------+---------+-------+---------+---------+-------+---------
         Total |       0 |   15119 |   0.0 |       0 |     201 |   0.0 | 12115
               +---------+---------+-------+---------+---------+-------+---------
           D:1 |       0 |      32 |   0.0 |       0 |      16 |   0.0 |   540
           D:2 |       0 |      88 |   0.0 |       0 |      14 |   0.0 |   741
           D:3 |       0 |     286 |   0.0 |       0 |      23 |   0.0 |   868
           D:4 |       0 |     585 |   0.0 |       0 |      10 |   0.0 |   684
           D:5 |       0 |     676 |   0.0 |       0 |       8 |   0.0 |  1364
           D:6 |       0 |    1053 |   0.0 |       0 |      19 |   0.0 |  1367
           D:7 |       0 |    2521 |   0.0 |       0 |      27 |   0.0 |  2392
           D:8 |       0 |    3908 |   0.0 |       0 |      26 |   0.0 |  1311
           D:9 |       0 |    3620 |   0.0 |       0 |      26 |   0.0 |  2080
          D:10 |       0 |      10 |   0.0 |       0 |       5 |   0.0 |    42
        Bailey |       0 |    2340 |   0.0 |       0 |      27 |   0.0 |   587
               +---------+---------+-------+---------+---------+-------+---------
